 Dungeon Crawl Stone Soup version 0.31.0 (webtiles) character file.

Game seed: 2993623266621387075

73 qw the Shooter (level 4, -6/28 HPs)
             Began as a Gargoyle Hunter on Jan 19, 2024.
             Incinerated by a bombardier beetle (7 damage)
             ... with a burning spray
             ... on level 3 of the Dungeon.
             The game lasted 00:00:05 (1484 turns).

qw the Shooter (Gargoyle Hunter)                    Turns: 1484, Time: 00:00:06

Health: -6/28      AC:  6    Str: 13 (15) XL:     4   Next: 27%
Magic:  4/4        EV: 11    Int:  8 (9)  God:
Gold:   112        SH:  0    Dex: 14 (15) Spells: 3/3 levels left

rFire   . . .        a - +0 shortbow
rCold   . . .        (shield currently unavailable)
rNeg    + . .        c - +0 leather armour
rPois   inf          (helmet restricted)
rElec   +            (no cloak)
rCorr   .            (no gloves)
SInv    .            (no boots)
Will    .....        (no amulet)
Stlth   +            (no ring)
HPRegen 0.24/turn    (no ring)
MPRegen 0.09/turn

%: no passive effects
@: on fire, about to teleport, glowing
A: sickness immunity, AC +3, negative energy resistance 1, electricity
resistance, torment resistance 1, petrification resistance, horns 1,
deterioration 1, MP-powered wands
a: no special abilities


You were on level 3 of the Dungeon.
You visited 1 branch of the dungeon, and saw 3 of its levels.

You collected 112 gold pieces.


Innate Abilities, Weirdness & Mutations

You are immune to sickness and miasma.
Your stone body is resilient. (AC +3)
You are immune to poison.
You resist negative energy. (rN+)
You are resistant to electric shocks. (rElec)
You are resistant to unholy torment.
You are immune to petrification.
You have a pair of small horns on your head.
Your body sometimes deteriorates upon taking damage.
You expend magic power (3 MP) to strengthen your wands.


   Skills:
 - Level 3.0 Fighting
 + Level 5.3 Ranged Weapons
 - Level 1.5 Dodging
 - Level 1.1 Stealth


You had 3 spell levels left.
You didn't know any spells.
Your spell library was empty.

Inventory:

Hand Weapons
 a - a +0 shortbow (weapon)
Armour
 c - a +0 leather armour (worn)
 h - a +0 pair of boots
 l - a +0 ring mail
Wands
 i - a wand of light (10)
Scrolls
 b - a scroll of teleportation
 k - a scroll of identify {unknown}
Potions
 d - a potion of enlightenment {unknown}
 e - a potion of mutation
 f - a potion of curing {unknown}
 g - a potion of attraction {unknown}
 j - a potion of might {unknown}

Dungeon Overview and Level Annotations

Branches:
Dungeon (3/15)

Altars:


Message History

The burning spray hits you.
You are covered in liquid fire!
Enter note:
Enter note: You shoot an arrow.
The arrow hits the bombardier beetle.
The bombardier beetle is lightly wounded.
The liquid fire burns you!
You shoot an arrow. The arrow hits the bombardier beetle.
The bombardier beetle is heavily wounded.
The liquid fire burns you!
Your body deteriorates!
You feel dopey.
You shoot an arrow.
The arrow hits the bombardier beetle but does no damage.
The bombardier beetle is heavily wounded.
The liquid fire burns you!
Your body deteriorates!
You feel weakened.
The bombardier beetle sprays incendiary fluid at you.
The burning spray hits you.
You are even more covered in liquid fire!
You shoot an arrow. The arrow hits the bombardier beetle.
The bombardier beetle is severely wounded.
The liquid fire burns you!
The bombardier beetle sprays incendiary fluid at you.
The burning spray hits you.
You are even more covered in liquid fire!
You shoot an arrow. The arrow hits the bombardier beetle.
The bombardier beetle is almost dead.
The liquid fire burns you!
You shoot an arrow.
The arrow hits the bombardier beetle but does no damage.
The bombardier beetle is almost dead.
The liquid fire burns you!
The bombardier beetle sprays incendiary fluid at you.
The burning spray misses you.
1483 ||| READING 2 scrolls of teleportation.
As you read the scroll of teleportation, it crumbles to dust.
You feel strangely unstable. The liquid fire burns you!
You shoot an arrow. The arrow hits the bombardier beetle!
You kill the bombardier beetle!
The liquid fire burns you!
You die...

..........
.......... ...#
.......... #.$#
.......... #..#
.......... #..#
.)......## #..#
##......##.#####..#
##..........%...#
########@.#
..........#
####.###..# #. #..#


77777 .####.###..## 7.7.7 ............# )..77 .##.#...##.## ....7 #.##.#...##.##
%)..7 #............# There were no monsters in sight!

Vanquished Creatures
  A bombardier beetle (D:3)
  A gnoll (D:3)
  3 adders (D:2)
  2 dart slugs (D:1)
  An orc (D:3)
  2 ball pythons (D:3)
  2 endoplasms (D:1)
  A giant cockroach (D:2)
  4 hobgoblins
  A quokka (D:3)
  2 bats
  2 frilled lizards
  6 goblins
  5 rats
33 creatures vanquished.

Notes
Turn   | Place    | Note
-------+----------+-------------------------------------------
     0 | D:1      | qw the Gargoyle Hunter began the quest for the Orb.
     0 | D:1      | Reached XP level 1. HP: 12/12 MP: 1/1
     0 | D:1      | 0 ||| qw: Version: 0.3-a-132-g3d54051
     0 | D:1      | 0 ||| qw: Game counter: 105
     0 | D:1      | 0 ||| qw: Melee chars always use a shield: true
     0 | D:1      | 0 ||| qw: God list: Okawaru
     0 | D:1      | 0 ||| qw: Allow faded altars: false
     0 | D:1      | 0 ||| qw: Do Orc after clearing Dungeon:15 true
     0 | D:1      | 0 ||| qw: Do second Lair branch before Depths: true
     0 | D:1      | 0 ||| qw: Lair rune preference: random
     0 | D:1      | 0 ||| qw: Goals: Normal
     0 | D:1      | 0 ||| PLANNING D:1-11
   276 | D:1      | Reached XP level 2. HP: 17/17 MP: 2/2
   499 | D:1      | Found a faded altar of an unknown god.
   500 | D:1      | 500 ||| READING scroll labelled REHEGIR SORPH.
   543 | D:1      | 543 ||| DROPPING scroll of butterflies.
   625 | D:2      | Reached XP level 3. HP: 19/21 MP: 3/3
   702 | D:2      | Reached skill level 5 in Ranged Weapons
   801 | D:2      | Reached skill level 3 in Fighting
   944 | D:2      | 944 ||| READING scroll labelled DAIPSEI ISHAU.
   945 | D:2      | 945 ||| READING scroll labelled TEFIGY KIASOGIXIL.
   946 | D:2      | 946 ||| READING scroll labelled WOIKKU XANYHO.
   946 | D:2      | 946 ||| ENCHANTING +0 shortbow.
   947 | D:2      | 947 ||| DRINKING 2 fizzy coppery potions.
   947 | D:2      | Gained mutation: Your body sometimes deteriorates upon
                  | taking damage. [potion of mutation]
   947 | D:2      | Gained mutation: You expend magic power (3 MP) to
                  | strengthen your wands. [potion of mutation]
   947 | D:2      | Gained mutation: You have a pair of small horns on your
                  | head. [potion of mutation]
  1049 | D:3      | Reached XP level 4. HP: 28/28 MP: 4/4
  1220 | D:3      | 1220 ||| FLEEEEING.
  1279 | D:3      | Identified the +2 lajatang of the Soft God {freeze, Str+3
                  | Dex+3}
  1320 | D:3      | 1320 ||| FLEEEEING.
  1482 | D:3      | HP: 5/28 [burnt (5)]
  1483 | D:3      | 1483 ||| READING 2 scrolls of teleportation.
  1483 | D:3      | HP: 1/28 [burnt (5)]
  1484 | D:3      | Incinerated by a bombardier beetle

Levels and vault maps discovered:
D:1:      shiori_arrival_whats_in_store_for_you, layout_loops_ring,
          shapermc_ecumenical_altar_notcrosses
D:2:      layout_rooms, nrook_loot_triangle
D:3:      kb_forest_paths, layout_basic, nicolae_hepliaklqana_hazy_memory

Skill      XL: |  1  2  3 |
---------------+----------+-----
Ranged Weapons | 5 |  5.3
Fighting       | 3 |  3.0
Dodging        | |  1.5
Stealth        | |  1.1

Action                     |  1- 3 |  4- 6 || total
---------------------------+-------+-------++-------
   Fire: Shortbow          |    80 |    29 ||   109
    Use: Scroll            |     4 |     1 ||     5
         Potion            |     1 |       ||     1
 Armour: Leather armour    |    18 |    11 ||    29
  Dodge: Dodged            |    15 |     8 ||    23

Table legend:
 A = Non-vault XP
 B = Vault XP
 C = Vault XP percentage of total XP
 D = Non-vault monster count
 E = Vault monster count
 F = Vault count percentage of total count
                 A         B        C        D         E       F
            +---------+---------+-------+---------+---------+-------
      Total |     124 |      23 |  15.6 |      27 |       6 |  18.2
            +---------+---------+-------+---------+---------+-------
        D:1 |      22 |       0 |   0.0 |      11 |       0 |   0.0
        D:2 |      54 |       0 |   0.0 |      12 |       0 |   0.0
        D:3 |      48 |      23 |  32.4 |       4 |       6 |  60.0
            +---------+---------+-------+---------+---------+-------
